 Dungeon Crawl Stone Soup version 0.28-a0-1594-ga885d4b3d6 (webtiles) character file.

Game seed: 16917856589642808672

3675 testman the Thaumaturge (level 10, -7/73 HPs)
             Began as a Djinni Hedge Wizard on Jan 20, 2022.
             Was a High Priest of Nemelex Xobeh.
             Mangled by a two-headed ogre (32 damage)
             ... on level 9 of the Dungeon on Jan 21, 2022.
             The game lasted 00:57:47 (11752 turns).

testman the Thaumaturge (Djinni Hedge Wizard)      Turns: 11752, Time: 00:57:47

Health: -7/73      AC: 12    Str:  9    XL:     10   Next: 34%
Gold:   707        EV: 12    Int: 20    God:    Nemelex Xobeh [*****.] SH:  0 Dex: 13

rFire   + + .      SeeInvis .   G - +3 dagger (vamp)
rCold   x . .      Faith    .   (no shield)
rNeg    . . .      Spirit   .   F - +0 steam dragon scales
rPois   ∞          Reflect  .   v - +1 hat {Stlth+}
rElec   .          Harm     .   C - +0 cloak
rCorr   .          Rampage  .   k - +0 pair of gloves
Will    +....                   (boots unavailable)
Stlth   +++.......              (no amulet)
HPRegen 0.22/turn               o - ring of wizardry
MPRegen 0.00/turn               x - +4 ring of protection

@: flying
A: sickness immunity, fire resistance 2, cold vulnerability 1, float, innate
caster, hp casting, extra vitality 1
a: Renounce Religion, Draw Escape, Draw Destruction, Draw Summoning, Triple
Draw, Deal Four, Stack Five


You were on level 9 of the Dungeon.
You worshipped Nemelex Xobeh.
Nemelex Xobeh was extremely pleased with you.
You visited 1 branch of the dungeon, and saw 9 of its levels.
You also visited: Ossuary.

You collected 707 gold pieces.

Inventory:

Hand Weapons
 l - a +3 dagger of venom
 G - a +3 vampiric dagger (weapon)
Missiles
 a - 91 sling bullets
 b - a silver boomerang
 d - 6 poisoned darts
 n - 172 stones
 D - 2 boomerangs
Armour
 k - a +0 pair of gloves (worn)
 s - a +1 robe of fire resistance
 v - a +1 hat of stealth (worn)
 C - a +0 cloak (worn)
 F - +0 steam dragon scales (worn)
Jewellery
 c - a ring of protection from fire
 o - a ring of wizardry (left hand)
 r - a ring of resist corrosion
 x - a +4 ring of protection (right hand)
Scrolls
 e - 2 scrolls of vulnerability {unknown}
 f - 2 scrolls of noise {unknown}
 g - 3 scrolls of fog
 i - a scroll of acquirement {unknown}
 j - 5 scrolls of teleportation
 t - 2 scrolls of immolation {unknown}
 y - 2 scrolls of enchant armour {unknown}
 E - a scroll of magic mapping {unknown}
Potions
 h - a potion of heal wounds {unknown}
 m - 3 potions of might
 p - 3 potions of invisibility
 q - 2 potions of lignification {unknown}
 u - 2 potions of mutation
 w - a potion of ambrosia {unknown}
 z - a potion of resistance {unknown}
 A - 2 potions of degeneration {unknown}
 B - 2 potions of curing {unknown}


   Skills:
 + Level 6.6 Fighting
 + Level 3.5 Short Blades
 - Level 3.0 Dodging
 - Level 2.3 Stealth
 + Level 8.0 Spellcasting
 + Level 5.7 Invocations


You had 3 spell levels left.
You knew the following spells:

 Your Spells              Type           Power      Damage    Failure   Level
a - Magic Dart            Conj           100%       1d8       1%          1
b - Blink                 Tloc           80%        N/A       1%          2
c - Call Imp              Summ           40%        N/A       1%          2
d - Slow                  Hex            100%       N/A       1%          1
e - Conjure Flame         Conj/Fire      40%        6-21      1%          3
f - Mephitic Cloud        Conj/Pois/Air  40%        N/A       1%          3
g - Shock                 Conj/Air       100%       1d9       1%          1
h - Ensorcelled Hibernat  Hex/Ice        80%        N/A       1%          2
i - Summon Guardian Gole  Hex/Summ       40%        N/A       1%          3
j - Petrify               Tmut/Erth      40%        N/A       1%          4
Your spell library was empty.

Dungeon Overview and Level Annotations

Branches:
Dungeon (9/15)             Temple (0/1) D:4         Ossuary (visited)
   Lair: D:8-11         Orc: D:9-12

Altars:
Kikubaaqudgha
Nemelex Xobeh
Okawaru
Trog
The Shining One

Shops:
D:1 *:(   D:4 (!=*   D:8 (


Innate Abilities, Weirdness & Mutations

You are immune to sickness and miasma.
You are immune to poison.
Your flesh is very heat resistant. (rF++)
You are vulnerable to cold. (rC-)
You float through the air rather than walking.
You learn spells naturally, not from books.
Your magical power is your life essence.
You have superior vitality. (+4 MHP)


Message History

Aim: a two-headed ogre, wielding a +0 giant spiked club and a +0 giant club (moderately wounded, 88% to hit)
The zap hits the two-headed ogre.
The two-headed ogre is moderately wounded.
Aiming: Shock (safe; 1% risk of failure)
Press: ? - help, Q - select action, (/) - cycle Shift-Dir - straight line, f/p - two-headed ogre
Aim: a two-headed ogre, wielding a +0 giant spiked club and a +0 giant club (moderately wounded, 88% to hit)
The zap hits the two-headed ogre.
The two-headed ogre is moderately wounded.
Casting: Shock (safe; 1% risk of failure)
Confirm with . or Enter, or press ? or * to list all spells.
Aiming: Petrify (dangerous; 1% risk of failure)
Press: ? - help, Shift-Dir - straight line, f/p - two-headed ogre
Aim: a two-headed ogre, wielding a +0 giant spiked club and a +0 giant club (moderately wounded, chance to affect: 49%)
The two-headed ogre resists with some effort.
The two-headed ogre completely misses you.
The two-headed ogre misses you.
Aiming: Shock (safe; 1% risk of failure)
Press: ? - help, Q - select action, (/) - cycle Shift-Dir - straight line, f/p - two-headed ogre
Aim: a two-headed ogre, wielding a +0 giant spiked club and a +0 giant club (moderately wounded, 88% to hit)
The zap hits the two-headed ogre.
The two-headed ogre is heavily wounded.
The zap hits the two-headed ogre.
The two-headed ogre is heavily wounded.
Press: ? - help, v - describe, . - travel
Here: a two-headed ogre, wielding a +0 giant spiked club and a +0 giant club (heavily wounded)
The floor.
You hit the two-headed ogre.
You feel better.
The two-headed ogre is heavily wounded.
The two-headed ogre misses you.
The two-headed ogre hits you with a +0 giant club!
You draw a card...
You have drawn Vitriol.
Press: ? - help, Shift-Dir - straight line, f/p - two-headed ogre
Aim: a two-headed ogre, wielding a +0 giant spiked club and a +0 giant club (heavily wounded)
The bolt of acid hits the two-headed ogre!
The acid corrodes the two-headed ogre!
The two-headed ogre is severely wounded.
The two-headed ogre hits you with a +0 giant spiked club!!
You die...
Your body glows slightly and disappears.

###.###.#.#
#.###.#.####
...).))....#
...#######.#
#.....#.##
#.....'..#
#.....#..#
#.....#O.#
#######@.#
.........#
###..###.#
#.# ..# #.
>.# .# ##


You could see a two-headed ogre (corroded).

Vanquished Creatures
  Maggie (D:6)
  3 steam dragons
  An orc warrior (D:8)
  2 black bears (D:6)
  3 ogres
  3 sky beasts
  A phantom (D:7)
  2 bullfrogs
  A scorpion (D:5)
  3 water moccasin skeletons
  5 killer bees (D:9)
  A howler monkey (D:4)
  3 wights (D:7)
  A bullfrog skeleton (D:6)
  5 centaur zombies
  3 hounds
  A jelly (D:6)
  2 gnoll shamans
  4 orc priests
  Crazy Yiuf (D:7)
  2 centaur skeletons
  An iguana (D:6)
  4 orc wizards
  8 mummies (Ossuary)
  9 gnolls
  2 howler monkey skeletons
  8 adders
  A shadow imp (D:6)
  2 white imps
  An adder zombie (D:5)
  A worm zombie (D:4)
  4 dart slugs
  25 orcs
  5 endoplasms
  7 goblins
  4 hobgoblins
  6 jackals
  3 quokkas
  4 ball pythons
  A bat (D:1)
  3 frilled lizards
  3 hobgoblin zombies (Ossuary)
  8 kobolds
  2 kobold zombies (Ossuary)
  3 orc zombies (Ossuary)
  6 rats
169 creatures vanquished.

Vanquished Creatures (others)
  A human (D:5)
1 creature vanquished.

Grand Total: 170 creatures vanquished

Notes
Turn   | Place    | Note
-------+----------+-------------------------------------------
     0 | D:1      | testman the Djinni Hedge Wizard began the quest for the
                  | Orb.
     0 | D:1      | Reached XP level 1. HP: 15/15 MP: 0/0
    49 | D:1      | Found Bibyj's Antique Armour Shoppe.
   596 | D:1      | Reached XP level 2. HP: 19/21 MP: 0/0
   889 | D:1      | Found Muamicria's Book Shoppe.
   952 | D:1      | Found Dame's Weapon Emporium.
  1393 | D:1      | Reached XP level 3. HP: 25/25 MP: 0/0
  1393 | D:1      | Learned a level 1 spell: Shock
  1490 | D:1      | Found Yllec's General Store.
  2007 | D:2      | Found a faded altar of an unknown god.
  2015 | D:2      | Prayed at the altar of an unknown god.
  2015 | D:2      | Became a worshipper of Nemelex Xobeh the Trickster
  2015 | D:2      | Reached * piety under Nemelex Xobeh
  2015 | D:2      | Received a gift from Nemelex Xobeh
  2064 | D:2      | Found an iron altar of Okawaru.
  2223 | D:2      | Reached skill level 3 in Spellcasting
  2223 | D:2      | Reached XP level 4. HP: 30/31 MP: 0/0
  3193 | D:3      | Reached ** piety under Nemelex Xobeh
  3323 | D:3      | Reached XP level 5. HP: 32/35 MP: 0/0
  3323 | D:3      | Learned a level 2 spell: Ensorcelled Hibernation
  3947 | D:4      | Found Liuwk's Assorted Antiques.
  3999 | D:4      | Found a staircase to the Ecumenical Temple.
  4215 | D:4      | Found Gewula's Distillery.
  4283 | D:4      | Reached skill level 4 in Spellcasting
  4394 | D:4      | Found a sand-covered staircase.
  4403 | Ossuary  | Entered an ossuary
  4695 | Ossuary  | Reached XP level 6. HP: 35/40 MP: 0/0
  5415 | D:4      | Found Poureets's Jewellery Emporium.
  5457 | D:4      | Reached skill level 5 in Spellcasting
  5612 | D:4      | Found Ziummoel's Weapon Emporium.
  5914 | D:5      | Entered Level 5 of the Dungeon
  5933 | D:5      | Reached XP level 7. HP: 14/45 MP: 0/0
  5933 | D:5      | Learned a level 3 spell: Summon Guardian Golem
  6280 | D:5      | Reached *** piety under Nemelex Xobeh
  6333 | D:5      | Noticed a human
  6335 | D:5      | Killed a human
  6380 | D:5      | Reached skill level 6 in Spellcasting
  6512 | D:5      | Reached skill level 1 in Fighting
  6951 | D:5      | Reached XP level 8. HP: 51/54 MP: 0/0
  7595 | D:6      | Received a gift from Nemelex Xobeh
  7613 | D:6      | Reached skill level 1 in Invocations
  8146 | D:6      | Noticed Maggie
  8169 | D:6      | Killed Maggie
  8170 | D:6      | Reached skill level 7 in Spellcasting
  8170 | D:6      | Reached XP level 9. HP: 32/64 MP: 0/0
  8170 | D:6      | Learned a level 4 spell: Petrify
  8419 | D:6      | Received a gift from Nemelex Xobeh
  8575 | D:7      | Reached skill level 5 in Fighting
  9120 | D:7      | Reached skill level 1 in Short Blades
  9434 | D:7      | Found a runed translucent door.
  9435 | D:7      | Noticed Crazy Yiuf
  9443 | D:7      | Killed Crazy Yiuf
  9575 | D:7      | Reached **** piety under Nemelex Xobeh
  9579 | D:7      | Received a gift from Nemelex Xobeh
 10050 | D:8      | Found Mucamp's Weapon Shoppe.
 10485 | D:8      | Received a gift from Nemelex Xobeh
 10644 | D:8      | Found a bloodstained altar of Trog.
 10744 | D:8      | Reached XP level 10. HP: 63/72 MP: 0/0
 10946 | D:8      | Reached ***** piety under Nemelex Xobeh
 11087 | D:8      | Found a glowing golden altar of the Shining One.
 11240 | D:8      | Reached skill level 5 in Invocations
 11666 | D:9      | Reached skill level 8 in Spellcasting
 11735 | D:9      | Noticed a two-headed ogre
 11752 | D:9      | Mangled by a two-headed ogre

Illustrated notes

Levels and vault maps discovered:
D:1:      minmay_arrival_up_and_down, layout_loops_ring, serial_shops,
          nicolae_shop_trees, shop, nicolae_shop_advertising_works
          [nicolae_subvault_shop_adworks], nicolae_shop_bloodbath_and_beyond
D:2:      layout_loops_ring, chequers_ecumenical_altar_simple, basic_altar,
          kennysheep_generic_room_10
D:3:      layout_loops_corners
D:4:      layout_basic, minmay_temple_entry_slanted, enter_ossuary_3,
          serial_shops, shop, nicolae_shop_behind_doors, kennysheep_mini_moat,
          nicolae_inconvenience_store
D:5:      layout_loops_ring, tgw_kikubaaqudgha, st_stairs_3
D:6:      layout_loops_cross, uniq_maggie
D:7:      layout_layer_cave, uniq_crazy_yiuf_cottage
D:8:      layout_basic, tso_altar, trog_book, nicolae_stop_n_shop_1,
          nicolae_concentric_dashed_squares_mild
D:9:      nzn_winding_woodlands_three_and_one
          [nzn_winding_woodlands_5x15_split_checker,
          nzn_winding_woodlands_5x15_garden, nzn_winding_woodlands_5x15_cabin,
          nzn_winding_woodlands_center_triple_pond], layout_loops_ring,
          grunt_lair_entry_orc_guard_hut, nrook_mini_vaults, kennysheep_dice

Skill      XL: |  1  2  3  4  5  6  7  8  9 10 |
---------------+-------------------------------+-----
Stealth        | 2 |  2.3
Dodging        | 3 |  3.0
Spellcasting   | 3 4 5 6 7 8 |  8.0
Fighting       | 1 4 6 |  6.6
Invocations    | 3 4 5 |  5.7
Short Blades   | 2 3 |  3.5

Action                   |  1- 3 |  4- 6 |  7- 9 | 10-12 || total
-------------------------+-------+-------+-------+-------++-------
Melee: Dagger            |    62 |    98 |   183 |    46 ||   389
       Punch             |       |       |     4 |     2 ||     6
Throw: Boomerang         |       |    11 |       |       ||    11
 Cast: Magic Dart        |    28 |    14 |       |       ||    42
       Blink             |     1 |       |       |     1 ||     2
       Shock             |    17 |   107 |   144 |    28 ||   296
       Ensorcelled Hiber |       |     5 |    18 |       ||    23
       Mephitic Cloud    |       |     1 |       |       ||     1
       Call Imp          |       |     1 |       |       ||     1
       Slow              |       |       |     2 |       ||     2
       Petrify           |       |       |     1 |     2 ||     3
       Conjure Flame     |       |       |       |     1 ||     1
Invok: Draw Destruction  |       |       |     1 |     4 ||     5
  Use: Scroll            |       |     9 |     4 |       ||    13
 Stab: Sleeping          |     3 |     4 |    16 |     1 ||    24
       Petrified         |       |       |       |     2 ||     2
Armor: Robe              |     2 |    32 |    94 |     9 ||   137
       Steam dragon scal |       |       |       |    26 ||    26
Dodge: Dodged            |    37 |    94 |   128 |    39 ||   298

Table legend: (Time is in decaauts)
 A = Elapsed time spent in this place.
 B = Non-inter-level travel time spent in this place.
 C = Inter-level travel time spent in this place.
 D = Time resting spent in this place.
 E = Time spent auto-exploring this place.
 F = Levels seen in this place.
 G = Mean time per level.
                   A        B        C        D        E       F      G
               +--------+--------+--------+--------+--------+-----+--------+
         Total |  11740 |  11446 |    294 |   3954 |   5745 |  10 | 1174.0 |
       Dungeon |  10792 |  10498 |    294 |   3260 |   5618 |   9 | 1199.1 |
       Ossuary |    948 |    948 |      0 |    694 |    127 |   1 |  948.0 |
               +--------+--------+--------+--------+--------+-----+--------+

Top non-repeatable levels by time:
     D:1: 1572 daAuts
     D:7: 1498 daAuts
     D:8: 1429 daAuts
     D:3: 1388 daAuts
     D:6: 1351 daAuts
     D:5: 1282 daAuts
     D:2: 1037 daAuts
     D:4: 969 daAuts
 Ossuary: 948 daAuts
     D:9: 262 daAuts
